Map: Ultralove

Players

twoSheds - Winner!

  • Race: Zerg Zerg
  • League: Gold
  • Spawn Location: 7:00

TeslaSucks

  • Race: Zerg Zerg
  • League: Gold
  • Spawn Location: 1:00

VOD

Have the link to the VOD?

Description

A win.

Time

  • Played on: Sept. 3, 2025, 10:50 p.m.
  • Length: 13:46
Show
View Real Time Build Order
Export as new Build Order

twoSheds Zerg - Winner!

Build Orders: Hatch First 

Get SALT Encoding   

  12  0:01  Drone  
  13  0:12  Overlord  
  13  0:16  Drone  
  14  0:32  Drone x2  
  16  0:47  Hatchery  
  15  0:50  Drone  
  15  0:54  Drone  
  17  0:58  Drone  
  17  1:00  Extractor  
  17  1:15  Spawning Pool  
  17  1:17  Drone  
  17  1:21  Drone  
  18  1:28  Drone  
  19  1:39  Overlord  
  19  1:51  Drone  
  20  2:01  Queen  
  20  2:02  Queen  
  20  2:08  Zergling x4  
  26  2:13  Metabolic Boost  
  26  2:16  Zergling x2  
  27  2:26  Drone x2  
  27  2:27  Drone  
  30  2:38  Drone x2  
  32  2:44  Overlord  
  32  2:46  Drone  
  33  3:12  Evolution Chamber  
  32  3:20  Evolution Chamber  
  32  3:27  Zergling x6, Spine Crawler  
  31  3:28  Drone x5  
  31  3:31  Lair  
  38  3:35  Drone x4  
  38  3:36  Extractor  
  41  4:00  Queen  
  43  4:07  Zerg Melee Weapons Level 1  
  43  4:09  Hatchery  
  42  4:11  Zerg Ground Armor Level 1  
  42  4:12  Overlord  
  42  4:14  Drone x2  
  42  4:16  Overlord  
  44  4:31  Drone  
  44  4:32  Drone x2  
  44  4:34  Drone  
  44  4:35  Drone x2  
  50  4:58  Zergling x4  
  52  5:01  Drone x5  
  52  5:02  Overlord  
  57  5:07  Infestation Pit  
  57  5:08  Drone x2  
  58  5:32  Extractor  
  58  5:33  Extractor, Drone  
  58  5:34  Drone x3  
  60  5:43  Extractor  
  60  5:46  Drone x2  
  60  5:47  Drone x4  
  60  5:49  Overlord x3  
  65  5:55  Hive  
  65  5:57  Zergling x4  
  67  6:20  Hatchery x2  
  67  6:22  Drone  
  67  6:23  Drone x3  
  67  6:25  Drone x2  
  71  6:29  Hatchery  
  70  6:36  Overlord x2  
  70  6:37  Overlord  
  70  6:38  Zergling x10  
  75  6:41  Zergling x6  
  78  6:50  Zerg Melee Weapons Level 2  
  78  6:52  Zerg Ground Armor Level 2  
  78  7:05  Queen  
  72  7:25  Overseer  
  71  7:37  Zergling x4  
  71  7:42  Ultralisk Cavern  
  72  7:45  Queen  
  74  7:58  Drone  
  74  7:59  Drone  
  74  8:00  Drone x2  
  74  8:03  Overseer  
  78  8:08  Drone x2  
  78  8:09  Drone x6  
  86  8:12  Overlord  
  86  8:33  Ultralisk x7  
  128  8:36  Chitinous Plating  
  128  8:47  Drone  
  128  8:48  Drone x6  
  135  8:49  Extractor  
  135  8:50  Drone x5  
  139  9:02  Overseer x2  
  139  9:08  Ultralisk  
  145  9:11  Zergling x4  
  145  9:13  Overlord x3  
  145  9:14  Overlord x3  
  145  9:48  Ultralisk  
  145  9:49  Ultralisk x2  
  163  9:57  Ultralisk  
  169  10:01  Zergling x10  
  169  10:02  Zergling x18  
  169  10:05  Overlord  
  168  10:32  Ultralisk  
  168  10:33  Ultralisk  
  168  10:35  Zergling x30  
  189  10:36  Zergling x6  
  198  10:57  Extractor  
  197  11:02  Extractor  
  196  11:07  Zerg Ground Armor Level 3  
  196  11:09  Zerg Melee Weapons Level 3  
  196  11:16  Adrenal Glands  
  196  11:17  Zergling x2  
  196  11:18  Zergling x2  
  179  11:59  Ultralisk  
  179  12:00  Ultralisk x2  
  184  12:38  Overlord x4  
  151  13:11  Zergling x28  
  151  13:12  Zergling x6  
Show
View Real Time Build Order
Export as new Build Order

TeslaSucks Zerg 

Build Orders: Pool First 

Get SALT Encoding   

  12  0:01  Drone  
  13  0:09  Drone  
  14  0:27  Spawning Pool  
  13  0:29  Drone  
  14  0:39  Extractor  
  14  0:40  Extractor, Drone  
  14  0:42  Drone  
  14  0:48  Overlord  
  16  1:08  Drone  
  16  1:09  Drone  
  18  1:14  Queen  
  18  1:17  Drone  
  21  1:34  Hatchery  
  20  1:40  Drone  
  20  1:43  Spine Crawler, Drone  
  21  1:48  Drone  
  22  1:56  Overlord  
  22  2:11  Extractor  
  22  2:12  Extractor  
  20  2:16  Drone  
  20  2:21  Drone  
  22  2:27  Roach Warren  
  21  2:36  Queen  
  23  2:40  Drone x2  
  25  2:49  Queen, Drone  
  28  2:57  Drone x2  
  30  3:07  Drone  
  31  3:17  Lair  
  31  3:19  Drone x2  
  33  3:20  Drone  
  34  3:36  Evolution Chamber  
  34  3:38  Evolution Chamber  
  32  3:41  Drone  
  32  3:42  Drone x3  
  36  3:48  Burrow  
  36  3:51  Extractor  
  36  3:52  Extractor, Drone  
  36  3:53  Drone  
  36  4:01  Overlord  
  36  4:05  Zerg Missile Weapons Level 1  
  36  4:16  Overlord  
  36  4:18  Glial Reconstitution  
  36  4:20  Drone x3  
  36  4:21  Drone  
  40  4:31  Drone x4  
  44  4:47  Zerg Ground Armor Level 1  
  44  4:48  Drone x3  
  47  5:04  Drone x5  
  52  5:09  Overlord x2  
  52  5:26  Spore Crawler  
  51  5:28  Spore Crawler  
  51  5:29  Drone x6  
  56  5:36  Tunneling Claws  
  56  5:42  Pneumatized Carapace  
  56  5:52  Roach  
  56  5:53  Roach x3  
  64  5:59  Overseer  
  64  6:01  Zerg Missile Weapons Level 2  
  64  6:15  Roach x2  
  64  6:17  Overlord x2  
  68  6:28  Overlord  
  68  6:29  Overlord x3  
  68  6:30  Hatchery  
  67  6:56  Roach  
  67  6:57  Roach x6  
  81  7:06  Roach x6  
  81  7:13  Roach x3  
  81  7:14  Roach x2  
  91  7:18  Hatchery  
  90  7:23  Drone x4  
  94  7:47  Drone x7, Roach x6  
  101  7:55  Overseer  
  101  8:02  Roach  
  101  8:03  Roach x7  
  101  8:04  Spore Crawler  
  116  8:06  Spine Crawler  
  116  8:07  Extractor, Spine Crawler  
  116  8:08  Extractor, Spine Crawler  
  116  8:09  Spine Crawler  
  110  8:16  Roach  
  110  8:17  Roach x4  
  120  8:29  Zerg Ground Armor Level 2  
  120  8:36  Spire  
  120  8:37  Spire, Hatchery, Infestation Pit  
  120  8:38  Drone  
  120  8:39  Drone x4  
  121  8:50  Drone x3  
  121  8:51  Drone  
  125  9:05  Spine Crawler  
  125  9:06  Overlord x2  
  125  9:07  Overlord  
  124  9:14  Hive  
  124  9:42  Spine Crawler x2  
  124  9:43  Spine Crawler  
  124  9:44  Drone x13  
  124  9:45  Extractor  
  133  9:46  Spore Crawler  
  133  9:51  Drone  
  133  9:52  Drone x4  
  137  10:07  Roach x23  
  137  10:16  Roach x7  
  137  10:17  Roach x3  
  137  10:33  Roach x19  
  133  10:38  Roach  
  133  10:39  Roach x11  
  133  10:42  Drone  
  158  10:50  Zerg Flyer Armor Level 1, Hydralisk Den, Zerg Flyer Weapons Level 1  
  157  11:01  Drone, Overlord x2  
  157  11:02  Overlord x4  
  158  11:09  Extractor  
  157  11:26  Grooved Spines  
  157  11:27  Lurker Den  
  142  11:47  Ravager x16  
  133  11:48  Ravager x12  
  160  12:13  Roach x4  
  160  12:15  Hatchery  
  159  12:16  Muscular Augments  
  125  12:37  Roach  
  125  12:38  Roach x20  
Tags
 
League
GoldGold
Matchup
ZvZ
Race
Zerg
Spawn Locations
Cross Positions
Add a new tag
Caveats
  • Supply blocks, unpowered buildings, or Contaminate may cause inaccurate times.
  • Supply counts are checked every 10 seconds.